Ice Caps vs Marlies

Created - Sunday, November 30, 2014 at 21:57

Goals
1 2 3 OT1 SO T
Ice Caps 0 0 1 0 2 2
Marlies 0 1 0 0 1 1
Shots
1 2 3 OT1 SO T
Ice Caps 5 8 6 1 5 20
Marlies 8 22 6 0 5 36

1st period

No Goal

Penalties :
Rich Clune (TOR) for Fighting (Major) at 2:24, Seth Helgeson (STJ) for Fighting (Major) at 2:24

2nd period

1. Marlies , Matt Dumba 14 (Rich Clune, Scott Harrington) at 2:18

Penalties :
Scott Mayfield (STJ) for Hooking (Minor) at 10:00, George Parros (TOR) for Fighting (Major) at 15:56, Seth Helgeson (STJ) for Fighting (Major) at 15:56

3rd period

2. Ice Caps , Klas Dahlbeck 3 (Colin Smith) at 12:12

Penalties :
Farm Player24 (TOR) for Holding (Minor) at 14:15

Overtime #1

No Goal

Penalties :
No Penalty

Shootout

Penalty Shot by Garret Ross for Ice Caps - Shot Misses the Net
Penalty Shot by Sheldon Brookbank for Marlies - Stopped by Nathan Lieuwen
Penalty Shot by Daniil Tarasov for Ice Caps - Goal!
Penalty Shot by Colton Gillies for Marlies - Stopped by Nathan Lieuwen
Penalty Shot by Freddie Hamilton for Ice Caps - Stopped by Scott Clemmensen
Penalty Shot by Rich Clune for Marlies - Goal!
Penalty Shot by Colin Smith for Ice Caps - Stopped by Scott Clemmensen
Penalty Shot by George Parros for Marlies - Stopped by Nathan Lieuwen
Penalty Shot by Rylan Schwartz for Ice Caps - Goal!
Penalty Shot by Joel Armia for Marlies - Stopped by Nathan Lieuwen

Penalties :
No Penalty

Goalie Stats

Nathan Lieuwen (STJ), 35 saves from 36 shots - (0.972), W, 10-2-7, 65:00 minutes
Scott Clemmensen (TOR), 19 saves from 20 shots - (0.950), OTL, 9-7-6, 65:00 minutes

Players Stats for Ice Caps

Player Name              G  A  P  +/- PIM S  H  SB GA TA FO     MP     PP MP  PK MP  
------------------------------------------------------------------------------------
Brandon Davidson         0  0  0  -1  0   1  2  1  1  2  0/0    24:36   0:41   0:16 
Colin Smith              0  1  1   0  0   3  2  0  2  0  8/10   19:27   1:13   0:00 
Corey Cowick             0  0  0   0  0   2  0  0  2  0  0/0    21:26   1:13   1:34 
Daniil Tarasov           0  0  0   0  0   4  0  1  3  3  1/3    24:19   0:24   0:08 
David Wohlberg           0  0  0   0  0   0  0  0  0  0  0/0     0:56   0:00   0:00 
Freddie Hamilton         0  0  0   0  0   3  0  0  6  0  2/4    22:06   0:22   0:00 
Garret Ross              0  0  0   0  0   1  2  2  1  0  1/5    24:24   0:46   1:10 
Joel Edmundson           0  0  0   1  0   0  0  1  0  1  0/0    14:10   0:00   0:16 
Klas Dahlbeck            1  0  1   1  0   1  3  1  2  5  0/0    27:33   1:18   1:43 
Kory Nagy                0  0  0   0  0   0  1  0  1  1  0/0     8:23   0:24   0:00 
Michael Schumacher       0  0  0   0  0   1  1  3  3  0  1/1    19:40   0:45   0:00 
Rasmus Rissanen          0  0  0   0  0   0  1  2  0  1  0/0    18:43   0:00   1:43 
Riley Wetmore            0  0  0   0  0   0  3  0  1  0  4/9    16:51   0:00   0:00 
Rylan Schwartz           0  0  0   0  0   2  0  0  2  1  6/10   23:06   0:50   0:49 
Scott Mayfield           0  0  0  -1  2   1  1  1  0  0  0/0    24:03   0:41   0:00 
Seth Helgeson            0  0  0   0  10  0  1  2  1  2  0/0    23:40   1:18   0:00 
Troy Bourke              0  0  0   0  0   1  1  0  0  0  0/0     4:35   0:00   0:17 
William Wrenn            0  0  0   0  0   0  0  0  0  0  0/0     0:00   0:00   0:00 

Players Stats for Marlies

Player Name              G  A  P  +/- PIM S  H  SB GA TA FO     MP     PP MP  PK MP  
------------------------------------------------------------------------------------
Austen Brassard          0  0  0   0  0   1  0  0  0  0  0/0     0:29   0:00   0:00 
Brendon Nash             0  0  0   0  0   2  2  1  0  1  0/0    11:40   0:00   0:00 
Colton Gillies           0  0  0   0  0   1  0  0  0  0  3/6    23:20   1:07   1:14 
Drew Schiestel           0  0  0   0  0   0  1  0  0  1  0/0    14:56   0:00   0:00 
Farm Player24            0  0  0   0  2   0  1  0  0  1  2/7    20:12   0:52   0:00 
Farm Player29            0  0  0   0  0   0  0  0  0  0  0/2    20:13   0:52   0:45 
Farm Player31            0  0  0   0  0   0  1  0  0  0  4/9    19:32   0:00   0:00 
George Parros            0  0  0   0  5   1  1  1  3  0  0/0    16:49   0:52   0:00 
Jake Hansen              0  0  0   0  0   2  1  0  1  0  1/2    15:44   0:21   0:00 
Joel Armia               0  0  0   0  0   2  1  0  2  3  1/1    17:07   0:00   0:00 
Jonathon Blum            0  0  0   0  0   5  2  0  4  0  0/0    15:50   1:24   1:59 
Jordan Henry             0  0  0   0  0   1  1  0  1  0  0/0    11:40   0:00   0:00 
Matt Dumba               1  0  1   0  0   5  0  2  1  1  0/1    23:30   0:35   0:00 
Morgan Ellis             0  0  0   0  0   0  0  1  0  0  0/0    15:34   0:00   0:00 
Nicolas Deschamps        0  0  0   0  0   2  1  0  1  0  8/14   20:04   1:07   1:03 
Rich Clune               0  1  1   0  5   6  0  0  4  0  0/0    21:39   0:46   0:56 
Scott Harrington         0  1  1   0  0   1  3  1  0  2  0/0    22:34   0:35   0:00 
Sheldon Brookbank        0  0  0   0  0   7  0  2  2  5  0/0    27:05   1:24   1:59 

3 Stars

1 - Nathan Lieuwen (STJ)
2 - Klas Dahlbeck (STJ)
3 - Scott Clemmensen (TOR)

Power Play

Ice Caps - 0 on 1 Attempt(s) - 0.00%
Marlies - 0 on 1 Attempt(s) - 0.00%

Penalty Kill

Ice Caps - 1 on 1 Attempt(s) - 100.00% - Score 0 goal in Penalty Kill
Marlies - 1 on 1 Attempt(s) - 100.00% - Score 0 goal in Penalty Kill

Official

Referees : Unknown
Linesman : Unknown

Game Notes

Rich Clune and Seth Helgeson fight to a draw at 2:24 of 1st period
George Parros beats up Seth Helgeson at 15:56 of 2nd period

Finance

Level 1 -- Attendance: 1416 (70.80%) -- Ticket Income $49,560
Level 2 -- Attendance: 803 (80.30%) -- Ticket Income $8,030
Total Attendance: 2219 (73.97%)
Total Ticket Income: $57,590
Other Income: $28,219
Total Income: $85,809

Ice Caps

5 vs 5 Forward 
   Center                   Left Wing                Right Wing               Time % Phy DF OF 
 1 Freddie Hamilton         Garret Ross              Daniil Tarasov           35     1   2  2  
 2 Colin Smith              Corey Cowick             Rylan Schwartz           30     1   2  2  
 3 Rylan Schwartz           Michael Schumacher       Garret Ross              22     1   2  2  
 4 Riley Wetmore            Freddie Hamilton         Daniil Tarasov           13     1   2  2  

5 vs 5 Defense 
   Defense                  Defense                                           Time % Phy DF OF 
 1 Seth Helgeson            Klas Dahlbeck                                     35     1   2  2  
 2 Brandon Davidson         Scott Mayfield                                    30     1   2  2  
 3 Seth Helgeson            Rasmus Rissanen                                   22     1   2  2  
 4 Joel Edmundson           Klas Dahlbeck                                     13     1   2  2  

PowerPlay Forward 
   Center                   Left Wing                Right Wing               Time % Phy DF OF 
 1 Freddie Hamilton         Garret Ross              Daniil Tarasov           60     1   2  2  
 2 Colin Smith              Corey Cowick             Rylan Schwartz           40     1   2  2  

PowerPlay Defense
   Defense                  Defense                                           Time % Phy DF OF 
 1 Seth Helgeson            Klas Dahlbeck                                     60     1   2  2  
 2 Brandon Davidson         Scott Mayfield                                    40     1   2  2  

Penalty Kill 4 Players Forward 
   Center                   Wing                     Time % Phy DF OF 
 1 Garret Ross              Daniil Tarasov           60     1   2  2  
 2 Freddie Hamilton         Colin Smith              40     1   2  2  

Penalty Kill 4 Players Defense
   Defense                  Defense                  Time % Phy DF OF 
 1 Rasmus Rissanen          Klas Dahlbeck            60     1   2  2  
 2 Brandon Davidson         Scott Mayfield           40     1   2  2  

Penalty Kill - 3 Players Forward 
   Forward                                           Time % Phy DF OF 
 1 Garret Ross                                       60     1   2  2  
 2 Daniil Tarasov                                    40     1   2  2  

Penalty Kill - 3 Players Defense
   Defense                  Defense                  Time % Phy DF OF 
 1 Joel Edmundson           Klas Dahlbeck            60     1   2  2  
 2 Brandon Davidson         Scott Mayfield           40     1   2  2  

4 vs 4 Forward 
   Center                   Wing                     Time % Phy DF OF 
 1 Garret Ross              Daniil Tarasov           60     1   2  2  
 2 Freddie Hamilton         Colin Smith              40     1   2  2  

4 vs 4 Defense
   Defense                  Defense                  Time % Phy DF OF 
 1 Seth Helgeson            Klas Dahlbeck            60     1   2  2  
 2 Brandon Davidson         Scott Mayfield           40     1   2  2  

Last Minutes Offensive
   Center                   Left Wing                Right Wing               Defense                  Defense                  
   Freddie Hamilton         Garret Ross              Daniil Tarasov           Brandon Davidson         Klas Dahlbeck            

Last Minutes Defensive
   Center                   Left Wing                Right Wing               Defense                  Defense                  
   Freddie Hamilton         Garret Ross              Daniil Tarasov           Brandon Davidson         Klas Dahlbeck            

Goaltenders
Starting : Nathan Lieuwen           
Backup : Kristers Gudlevskis      

Extra Forwards
Normal : Rylan Schwartz, Michael Schumacher, Riley Wetmore - PP : Rylan Schwartz, Michael Schumacher - PK : Riley Wetmore
Extra Defensemen
Normal : Seth Helgeson, Rasmus Rissanen, Joel Edmundson - PP : Seth Helgeson - PK : Rasmus Rissanen, Joel Edmundson
Penalty Shots
Garret Ross, Daniil Tarasov, Freddie Hamilton, Colin Smith, Rylan Schwartz

Marlies

5 vs 5 Forward 
   Center                   Left Wing                Right Wing               Time % Phy DF OF 
 1 Nicolas Deschamps        Colton Gillies           Rich Clune               35     1   2  2  
 2 Farm Player24            Farm Player29            George Parros            30     1   2  2  
 3 Farm Player31            Sheldon Brookbank        Joel Armia               22     1   2  2  
 4 Colton Gillies           Rich Clune               Jake Hansen              13     1   2  2  

5 vs 5 Defense 
   Defense                  Defense                                           Time % Phy DF OF 
 1 Sheldon Brookbank        Jonathon Blum                                     35     1   2  2  
 2 Scott Harrington         Matt Dumba                                        30     1   2  2  
 3 Morgan Ellis             Drew Schiestel                                    22     1   2  2  
 4 Brendon Nash             Jordan Henry                                      13     1   2  2  

PowerPlay Forward 
   Center                   Left Wing                Right Wing               Time % Phy DF OF 
 1 Nicolas Deschamps        Colton Gillies           Rich Clune               60     1   2  2  
 2 Farm Player24            Farm Player29            George Parros            40     1   2  2  

PowerPlay Defense
   Defense                  Defense                                           Time % Phy DF OF 
 1 Sheldon Brookbank        Jonathon Blum                                     60     1   2  2  
 2 Scott Harrington         Matt Dumba                                        40     1   2  2  

Penalty Kill 4 Players Forward 
   Center                   Wing                     Time % Phy DF OF 
 1 Colton Gillies           Rich Clune               60     1   2  2  
 2 George Parros            Joel Armia               40     1   2  2  

Penalty Kill 4 Players Defense
   Defense                  Defense                  Time % Phy DF OF 
 1 Sheldon Brookbank        Jonathon Blum            60     1   2  2  
 2 Scott Harrington         Matt Dumba               40     1   2  2  

Penalty Kill - 3 Players Forward 
   Forward                                           Time % Phy DF OF 
 1 Colton Gillies                                    60     1   2  2  
 2 Rich Clune                                        40     1   2  2  

Penalty Kill - 3 Players Defense
   Defense                  Defense                  Time % Phy DF OF 
 1 Sheldon Brookbank        Jonathon Blum            60     1   2  2  
 2 Scott Harrington         Matt Dumba               40     1   2  2  

4 vs 4 Forward 
   Center                   Wing                     Time % Phy DF OF 
 1 Colton Gillies           Rich Clune               60     1   2  2  
 2 George Parros            Joel Armia               40     1   2  2  

4 vs 4 Defense
   Defense                  Defense                  Time % Phy DF OF 
 1 Sheldon Brookbank        Jonathon Blum            60     1   2  2  
 2 Scott Harrington         Matt Dumba               40     1   2  2  

Last Minutes Offensive
   Center                   Left Wing                Right Wing               Defense                  Defense                  
   Nicolas Deschamps        Colton Gillies           Rich Clune               Sheldon Brookbank        Jonathon Blum            

Last Minutes Defensive
   Center                   Left Wing                Right Wing               Defense                  Defense                  
   Nicolas Deschamps        Colton Gillies           Rich Clune               Sheldon Brookbank        Jonathon Blum            

Goaltenders
Starting : Scott Clemmensen         
Backup : Tyler Beskorowany        

Extra Forwards
Normal : Jake Hansen, Farm Player31, Nicolas Deschamps - PP : Jake Hansen, Farm Player31 - PK : Nicolas Deschamps
Extra Defensemen
Normal : Morgan Ellis, Drew Schiestel, Brendon Nash - PP : Morgan Ellis - PK : Drew Schiestel, Brendon Nash
Penalty Shots
Sheldon Brookbank, Colton Gillies, Rich Clune, George Parros, Joel Armia

% Time on Ice - Ice Caps

Lines # - Real PCT - Wanted PCT - Time Play
Normal Forward
1 - 23% - 35% - 12:42
2 - 30% - 30% - 16:57
3 - 24% - 22% - 13:41
4 - 23% - 13% - 12:42
Normal Defense
1 - 22% - 35% - 12:30
2 - 38% - 30% - 21:10
3 - 23% - 22% - 12:51
4 - 17% - 13% - 9:31
PP Forward
1 - 39% - 60% - 0:46
2 - 61% - 40% - 1:13
PP Defense
1 - 66% - 60% - 1:18
2 - 34% - 40% - 0:41
PK Forward
1 - 100% - 60% - 1:59
2 - 0% - 40% - 0:00
PK Defense
1 - 87% - 60% - 1:43
2 - 13% - 40% - 0:16
PK3 Forward
1 - 0% - 60%
2 - 0% - 40%
PK3 Defense
1 - 0% - 60%
2 - 0% - 40%
44 Forward
1 - 88% - 60% - 4:24
2 - 12% - 40% - 0:36
44 Defense
1 - 50% - 60% - 2:31
2 - 50% - 40% - 2:29
Last Minute Offensive  - 0:00
Last Minute Defensive  - 0:00
Total
Forward - 65:00
Defense - 65:00

% Time on Ice - Marlies

Lines # - Real PCT - Wanted PCT - Time Play
Normal Forward
1 - 28% - 35% - 15:44
2 - 31% - 30% - 17:09
3 - 31% - 22% - 17:07
4 - 11% - 13% - 6:02
Normal Defense
1 - 18% - 35% - 9:57
2 - 35% - 30% - 19:29
3 - 27% - 22% - 14:56
4 - 21% - 13% - 11:40
PP Forward
1 - 56% - 60% - 1:07
2 - 44% - 40% - 0:52
PP Defense
1 - 71% - 60% - 1:24
2 - 29% - 40% - 0:35
PK Forward
1 - 100% - 60% - 1:59
2 - 0% - 40% - 0:00
PK Defense
1 - 100% - 60% - 1:59
2 - 0% - 40% - 0:00
PK3 Forward
1 - 0% - 60%
2 - 0% - 40%
PK3 Defense
1 - 0% - 60%
2 - 0% - 40%
44 Forward
1 - 100% - 60% - 5:00
2 - 0% - 40% - 0:00
44 Defense
1 - 50% - 60% - 2:30
2 - 50% - 40% - 2:30
Last Minute Offensive  - 0:00
Last Minute Defensive  - 0:00
Total
Forward - 65:00
Defense - 65:00

Play by Play

1st period


0:01 of 1st period - Nicolas Deschamps wins face-off versus Freddie Hamilton in neutral zone.
0:10 of 1st period - Wrist shot by Jonathon Blum.
0:10 of 1st period - Deflect By Rich Clune.
0:10 of 1st period - Stopped by Nathan Lieuwen with a rebound.
0:16 of 1st period - Snap shot by Jonathon Blum.
0:16 of 1st period - Shot Misses the Net.
0:36 of 1st period - Backhand shot by Daniil Tarasov.
0:36 of 1st period - Stopped by Scott Clemmensen with a rebound.
0:54 of 1st period - Jonathon Blum is hit by Colin Smith and loses puck.
1:09 of 1st period - Slapshot by Matt Dumba.
1:09 of 1st period - Shot Misses the Net.
2:19 of 1st period - Slapshot by Scott Mayfield.
2:19 of 1st period - Shot Blocked by Morgan Ellis.
2:24 of 1st period - Rich Clune and Seth Helgeson fight to a draw.
2:24 of 1st period - Penalty to Rich Clune for Fighting.
2:24 of 1st period - Penalty to Seth Helgeson for Fighting.
2:25 of 1st period - Farm Player24 wins face-off versus Rylan Schwartz in Marlies zone.
2:32 of 1st period - Rylan Schwartz is hit by Farm Player24 and loses puck.
2:43 of 1st period - Wrist shot by Garret Ross.
2:43 of 1st period - Deflect By Michael Schumacher.
2:43 of 1st period - Shot Blocked by Brendon Nash.
2:43 of 1st period - Puck is out of play.
2:44 of 1st period - Rylan Schwartz wins face-off versus Farm Player24 in Marlies zone.
4:34 of 1st period - Snap shot by Colin Smith.
4:34 of 1st period - Stopped by Scott Clemmensen with a rebound.
4:40 of 1st period - Snap shot by Corey Cowick.
4:40 of 1st period - Stopped by Scott Clemmensen without a rebound.
4:41 of 1st period - Colin Smith wins face-off versus Farm Player24 in Marlies zone.
5:07 of 1st period - Wrist shot by Daniil Tarasov.
5:07 of 1st period - Stopped by Scott Clemmensen without a rebound.
5:08 of 1st period - Freddie Hamilton wins face-off versus Colton Gillies in Marlies zone.
5:25 of 1st period - Wrist shot by Michael Schumacher.
5:25 of 1st period - Shot Blocked by Sheldon Brookbank.
5:51 of 1st period - Nicolas Deschamps is hit by Klas Dahlbeck and loses puck.
6:44 of 1st period - Drew Schiestel is hit by Riley Wetmore and loses puck.
7:03 of 1st period - Sheldon Brookbank is hit by Brandon Davidson and loses puck.
7:31 of 1st period - Wrist shot by Rich Clune.
7:31 of 1st period - Shot Misses the Net.
8:27 of 1st period - Snap shot by Sheldon Brookbank.
8:27 of 1st period - Stopped by Nathan Lieuwen with a rebound.
9:27 of 1st period - Morgan Ellis is hit by Riley Wetmore.
9:36 of 1st period - Icing by Daniil Tarasov.
9:37 of 1st period - Joel Armia wins face-off versus Riley Wetmore in Ice Caps zone.
10:47 of 1st period - Kory Nagy is hit by Farm Player31 and loses puck.
10:54 of 1st period - Joel Armia is hit by Colin Smith and loses puck.
11:24 of 1st period - Riley Wetmore is hit by Jordan Henry.
11:58 of 1st period - Morgan Ellis is hit by Kory Nagy and loses puck.
14:24 of 1st period - George Parros is hit by Brandon Davidson and loses puck.
14:35 of 1st period - Drew Schiestel is hit by Klas Dahlbeck and loses puck.
15:10 of 1st period - Klas Dahlbeck is hit by Jake Hansen and loses puck.
15:17 of 1st period - Wrist shot by Colin Smith.
15:17 of 1st period - Shot Hit the Post.
15:19 of 1st period - Wrist shot by Troy Bourke.
15:19 of 1st period - Stopped by Scott Clemmensen without a rebound.
15:20 of 1st period - Colin Smith wins face-off versus Matt Dumba in Marlies zone.
15:45 of 1st period - Snap shot by Sheldon Brookbank.
15:45 of 1st period - Stopped by Nathan Lieuwen with a rebound.
16:49 of 1st period - Snap shot by Joel Armia.
16:49 of 1st period - Stopped by Nathan Lieuwen without a rebound.
16:50 of 1st period - Riley Wetmore wins face-off versus Farm Player29 in Ice Caps zone.
17:30 of 1st period - Garret Ross is hit by Scott Harrington.
18:19 of 1st period - Snap shot by Joel Armia.
18:19 of 1st period - Stopped by Nathan Lieuwen with a rebound.
18:21 of 1st period - Wrist shot by Sheldon Brookbank.
18:21 of 1st period - Shot Misses the Net.
18:23 of 1st period - Snap shot by Drew Schiestel.
18:23 of 1st period - Shot Blocked by Brandon Davidson.
18:25 of 1st period - Slapshot by Drew Schiestel.
18:25 of 1st period - Shot Blocked by Joel Edmundson.
18:47 of 1st period - Wrist shot by Rich Clune.
18:47 of 1st period - Deflect By Michael Schumacher.
18:47 of 1st period - Stopped by Nathan Lieuwen with a rebound.
18:59 of 1st period - Slapshot by Brendon Nash.
18:59 of 1st period - Shot Blocked by Michael Schumacher.
19:01 of 1st period - Snap shot by Brendon Nash.
19:01 of 1st period - Stopped by Nathan Lieuwen with a rebound.
19:03 of 1st period - Slapshot by Brendon Nash.
19:03 of 1st period - Shot Hit the Post.
19:09 of 1st period - Slapshot by Austen Brassard.
19:09 of 1st period - Stopped by Nathan Lieuwen without a rebound.
19:10 of 1st period - Daniil Tarasov wins face-off versus Farm Player29 in Ice Caps zone.
19:10 of 1st period - Daniil Tarasov is hit by Brendon Nash.
19:59 of 1st period - Klas Dahlbeck is hit by Brendon Nash and loses puck.
Goals for this period are 0 for Ice Caps vs 0 for Marlies.
Shots for this period are 5 for Ice Caps vs 8 for Marlies.

2nd period


0:01 of 2nd period - Nicolas Deschamps wins face-off versus Daniil Tarasov in neutral zone.
0:04 of 2nd period - Slapshot by Sheldon Brookbank.
0:04 of 2nd period - Stopped by Nathan Lieuwen with a rebound.
0:06 of 2nd period - Slapshot by Sheldon Brookbank.
0:06 of 2nd period - Shot Blocked by Seth Helgeson.
0:08 of 2nd period - Slapshot by Jonathon Blum.
0:08 of 2nd period - Stopped by Nathan Lieuwen with a rebound.
0:10 of 2nd period - Wrist shot by Nicolas Deschamps.
0:10 of 2nd period - Stopped by Nathan Lieuwen with a rebound.
0:18 of 2nd period - Slapshot by Jonathon Blum.
0:18 of 2nd period - Stopped by Nathan Lieuwen without a rebound.
0:19 of 2nd period - Nicolas Deschamps wins face-off versus Freddie Hamilton in Ice Caps zone.
0:53 of 2nd period - Icing by Seth Helgeson.
0:54 of 2nd period - Colin Smith wins face-off versus Farm Player24 in Ice Caps zone.
1:20 of 2nd period - Slapshot by Colin Smith.
1:20 of 2nd period - Stopped by Scott Clemmensen without a rebound.
1:21 of 2nd period - Freddie Hamilton wins face-off versus Farm Player31 in Marlies zone.
1:30 of 2nd period - Wrist shot by Freddie Hamilton.
1:30 of 2nd period - Stopped by Scott Clemmensen with a rebound.
2:08 of 2nd period - Slapshot by Matt Dumba.
2:08 of 2nd period - Shot Misses the Net.
2:10 of 2nd period - Slapshot by Scott Harrington.
2:10 of 2nd period - Deflect By Brandon Davidson.
2:10 of 2nd period - Stopped by Nathan Lieuwen with a rebound.
2:12 of 2nd period - Snap shot by Matt Dumba.
2:12 of 2nd period - Deflect By Rich Clune.
2:12 of 2nd period - Stopped by Nathan Lieuwen with a rebound.
2:14 of 2nd period - Wrist shot by Nicolas Deschamps.
2:14 of 2nd period - Stopped by Nathan Lieuwen with a rebound.
2:16 of 2nd period - Slapshot by Scott Harrington.
2:16 of 2nd period - Deflect By Rich Clune.
2:16 of 2nd period - Stopped by Nathan Lieuwen with a rebound.
2:18 of 2nd period - Slapshot by Matt Dumba.
2:18 of 2nd period - Goal by Matt Dumba - Ice Caps : 0 - Marlies : 1.
2:19 of 2nd period - Nicolas Deschamps wins face-off versus Rylan Schwartz in neutral zone.
2:33 of 2nd period - Off-side.
2:34 of 2nd period - Rylan Schwartz wins face-off versus Nicolas Deschamps in neutral zone.
2:37 of 2nd period - Nicolas Deschamps is hit by Garret Ross.
3:17 of 2nd period - Freddie Hamilton is hit by Scott Harrington and loses puck.
3:40 of 2nd period - George Parros is hit by Riley Wetmore and loses puck.
3:53 of 2nd period - Wrist shot by Corey Cowick.
3:53 of 2nd period - Stopped by Scott Clemmensen with a rebound.
5:58 of 2nd period - Wrist shot by Colin Smith.
5:58 of 2nd period - Stopped by Scott Clemmensen with a rebound.
6:00 of 2nd period - Wrist shot by Corey Cowick.
6:00 of 2nd period - Deflect By Rylan Schwartz.
6:00 of 2nd period - Stopped by Scott Clemmensen without a rebound.
6:01 of 2nd period - Colin Smith wins face-off versus Farm Player24 in Marlies zone.
6:02 of 2nd period - Wrist shot by Corey Cowick.
6:02 of 2nd period - Shot Blocked by Matt Dumba.
6:18 of 2nd period - Snap shot by Freddie Hamilton.
6:18 of 2nd period - Shot Misses the Net.
6:22 of 2nd period - Wrist shot by Freddie Hamilton.
6:22 of 2nd period - Deflect By Daniil Tarasov.
6:22 of 2nd period - Stopped by Scott Clemmensen with a rebound.
6:43 of 2nd period - Icing by Scott Harrington.
6:44 of 2nd period - Colton Gillies wins face-off versus Colin Smith in Marlies zone.
7:00 of 2nd period - Colin Smith is hit by Scott Harrington and loses puck.
7:45 of 2nd period - Snap shot by Freddie Hamilton.
7:45 of 2nd period - Shot Blocked by George Parros.
7:57 of 2nd period - Slapshot by Michael Schumacher.
7:57 of 2nd period - Shot Misses the Net.
8:41 of 2nd period - Slapshot by Jonathon Blum.
8:41 of 2nd period - Stopped by Nathan Lieuwen without a rebound.
8:42 of 2nd period - Riley Wetmore wins face-off versus Nicolas Deschamps in Ice Caps zone.
8:42 of 2nd period - Riley Wetmore is hit by Nicolas Deschamps.
9:12 of 2nd period - Slapshot by Matt Dumba.
9:12 of 2nd period - Stopped by Nathan Lieuwen with a rebound.
9:14 of 2nd period - Slapshot by Matt Dumba.
9:14 of 2nd period - Shot Blocked by Scott Mayfield.
10:00 of 2nd period - Minor Penalty to Scott Mayfield for Hooking.
10:01 of 2nd period - Nicolas Deschamps wins face-off versus Garret Ross in Ice Caps zone.
10:04 of 2nd period - Snap shot by Sheldon Brookbank.
10:04 of 2nd period - Shot Misses the Net.
10:06 of 2nd period - Slapshot by Jonathon Blum.
10:06 of 2nd period - Shot Blocked by Klas Dahlbeck.
10:08 of 2nd period - Slapshot by Jonathon Blum.
10:08 of 2nd period - Shot Blocked by Rasmus Rissanen.
10:10 of 2nd period - Slapshot by Sheldon Brookbank.
10:10 of 2nd period - Shot Blocked by Rasmus Rissanen.
10:12 of 2nd period - Snap shot by Colton Gillies.
10:12 of 2nd period - Stopped by Nathan Lieuwen without a rebound.
10:13 of 2nd period - Nicolas Deschamps wins face-off versus Garret Ross in Ice Caps zone.
10:16 of 2nd period - Slapshot by Sheldon Brookbank.
10:16 of 2nd period - Shot Blocked by Garret Ross.
10:18 of 2nd period - Snap shot by Jonathon Blum.
10:18 of 2nd period - Stopped by Nathan Lieuwen with a rebound.
10:20 of 2nd period - Wrist shot by Jonathon Blum.
10:20 of 2nd period - Shot Blocked by Garret Ross.
10:36 of 2nd period - Slapshot by Jonathon Blum.
10:36 of 2nd period - Stopped by Nathan Lieuwen with a rebound.
11:08 of 2nd period - Scott Harrington is hit by Klas Dahlbeck and loses puck.
12:00 of 2nd period - Penalty to Scott Mayfield is over, Scott Mayfield is back on ice.
12:59 of 2nd period - Icing by Morgan Ellis.
13:00 of 2nd period - Farm Player31 wins face-off versus Colin Smith in Marlies zone.
13:16 of 2nd period - Wrist shot by Matt Dumba.
13:16 of 2nd period - Deflect By Rich Clune.
13:16 of 2nd period - Shot Misses the Net.
13:16 of 2nd period - Puck is out of play.
13:17 of 2nd period - Rylan Schwartz wins face-off versus Nicolas Deschamps in Ice Caps zone.
14:55 of 2nd period - Off-side.
14:56 of 2nd period - Riley Wetmore wins face-off versus Colton Gillies in neutral zone.
15:56 of 2nd period - George Parros beats up Seth Helgeson.
15:56 of 2nd period - Penalty to George Parros for Fighting.
15:56 of 2nd period - Penalty to Seth Helgeson for Fighting.
15:57 of 2nd period - Farm Player31 wins face-off versus Garret Ross in neutral zone.
16:02 of 2nd period - Slapshot by Jonathon Blum.
16:02 of 2nd period - Deflect By Jake Hansen.
16:02 of 2nd period - Stopped by Nathan Lieuwen with a rebound.
16:12 of 2nd period - Slapshot by Scott Mayfield.
16:12 of 2nd period - Shot Misses the Net.
16:14 of 2nd period - Slapshot by Brandon Davidson.
16:14 of 2nd period - Shot Misses the Net.
16:16 of 2nd period - Slapshot by Garret Ross.
16:16 of 2nd period - Stopped by Scott Clemmensen without a rebound.
16:17 of 2nd period - Rylan Schwartz wins face-off versus Farm Player31 in Marlies zone.
16:38 of 2nd period - Wrist shot by Freddie Hamilton.
16:38 of 2nd period - Stopped by Scott Clemmensen without a rebound.
16:39 of 2nd period - Nicolas Deschamps wins face-off versus Riley Wetmore in Marlies zone.
16:56 of 2nd period - Slapshot by Matt Dumba.
16:56 of 2nd period - Stopped by Nathan Lieuwen with a rebound.
16:58 of 2nd period - Slapshot by Matt Dumba.
16:58 of 2nd period - Deflect By Nicolas Deschamps.
16:58 of 2nd period - Shot Blocked by Daniil Tarasov.
16:58 of 2nd period - Puck is out of play.
16:59 of 2nd period - Colin Smith wins face-off versus Nicolas Deschamps in Ice Caps zone.
17:31 of 2nd period - Slapshot by Matt Dumba.
17:31 of 2nd period - Shot Blocked by Michael Schumacher.
17:33 of 2nd period - Slapshot by Matt Dumba.
17:33 of 2nd period - Stopped by Nathan Lieuwen without a rebound.
17:34 of 2nd period - Rylan Schwartz wins face-off versus Farm Player31 in Ice Caps zone.
17:34 of 2nd period - Rylan Schwartz is hit by Joel Armia.
17:56 of 2nd period - Slapshot by Jonathon Blum.
17:56 of 2nd period - Shot Misses the Net.
17:59 of 2nd period - Icing by Klas Dahlbeck.
18:00 of 2nd period - Michael Schumacher wins face-off versus Jake Hansen in Ice Caps zone.
18:17 of 2nd period - Slapshot by Jake Hansen.
18:17 of 2nd period - Stopped by Nathan Lieuwen with a rebound.
18:51 of 2nd period - Wrist shot by Rich Clune.
18:51 of 2nd period - Shot Misses the Net.
18:53 of 2nd period - Wrist shot by Sheldon Brookbank.
18:53 of 2nd period - Shot Misses the Net.
18:55 of 2nd period - Slapshot by Sheldon Brookbank.
18:55 of 2nd period - Shot Misses the Net.
18:57 of 2nd period - Slapshot by Sheldon Brookbank.
18:57 of 2nd period - Shot Misses the Net.
18:59 of 2nd period - Wrist shot by Nicolas Deschamps.
18:59 of 2nd period - Shot Misses the Net.
19:01 of 2nd period - Slapshot by Sheldon Brookbank.
19:01 of 2nd period - Stopped by Nathan Lieuwen with a rebound.
19:07 of 2nd period - Backhand shot by Sheldon Brookbank.
19:07 of 2nd period - Stopped by Nathan Lieuwen with a rebound.
19:09 of 2nd period - Wrist shot by Sheldon Brookbank.
19:09 of 2nd period - Deflect By Scott Mayfield.
19:09 of 2nd period - Stopped by Nathan Lieuwen with a rebound.
19:50 of 2nd period - Slapshot by Matt Dumba.
19:50 of 2nd period - Deflect By Sheldon Brookbank.
19:50 of 2nd period - Stopped by Nathan Lieuwen with a rebound.
Goals for this period are 0 for Ice Caps vs 1 for Marlies.
Shots for this period are 8 for Ice Caps vs 22 for Marlies.

3rd period


0:01 of 3rd period - Garret Ross wins face-off versus Nicolas Deschamps in neutral zone.
0:09 of 3rd period - Rich Clune is hit by Rasmus Rissanen and loses puck.
0:50 of 3rd period - Rylan Schwartz is hit by Jonathon Blum and loses puck.
1:02 of 3rd period - Brandon Davidson is hit by Jonathon Blum and loses puck.
2:24 of 3rd period - Slapshot by Scott Mayfield.
2:24 of 3rd period - Stopped by Scott Clemmensen with a rebound.
2:59 of 3rd period - Wrist shot by Rich Clune.
2:59 of 3rd period - Stopped by Nathan Lieuwen without a rebound.
3:00 of 3rd period - Colton Gillies wins face-off versus Daniil Tarasov in Ice Caps zone.
3:19 of 3rd period - Snap shot by Sheldon Brookbank.
3:19 of 3rd period - Shot Misses the Net.
3:40 of 3rd period - Backhand shot by George Parros.
3:40 of 3rd period - Shot Misses the Net.
3:43 of 3rd period - Icing by Rylan Schwartz.
3:44 of 3rd period - Rylan Schwartz wins face-off versus Farm Player24 in Ice Caps zone.
3:49 of 3rd period - Snap shot by Michael Schumacher.
3:49 of 3rd period - Stopped by Scott Clemmensen with a rebound.
3:59 of 3rd period - Colin Smith is hit by Drew Schiestel and loses puck.
4:16 of 3rd period - Snap shot by Nicolas Deschamps.
4:16 of 3rd period - Shot Misses the Net.
4:42 of 3rd period - Slapshot by Matt Dumba.
4:42 of 3rd period - Stopped by Nathan Lieuwen without a rebound.
4:43 of 3rd period - Farm Player31 wins face-off versus Riley Wetmore in Ice Caps zone.
4:55 of 3rd period - Icing by Sheldon Brookbank.
4:56 of 3rd period - Farm Player31 wins face-off versus Riley Wetmore in Marlies zone.
5:50 of 3rd period - Riley Wetmore is hit by George Parros.
7:58 of 3rd period - Off-side.
7:59 of 3rd period - Riley Wetmore wins face-off versus Farm Player31 in neutral zone.
8:02 of 3rd period - Snap shot by Freddie Hamilton.
8:02 of 3rd period - Stopped by Scott Clemmensen with a rebound.
8:04 of 3rd period - Snap shot by Joel Edmundson.
8:04 of 3rd period - Deflect By Daniil Tarasov.
8:04 of 3rd period - Shot Blocked by Sheldon Brookbank.
8:04 of 3rd period - Puck is out of play.
8:05 of 3rd period - Farm Player24 wins face-off versus Riley Wetmore in Marlies zone.
9:13 of 3rd period - Snap shot by Rich Clune.
9:13 of 3rd period - Stopped by Nathan Lieuwen with a rebound.
9:15 of 3rd period - Backhand shot by Jordan Henry.
9:15 of 3rd period - Stopped by Nathan Lieuwen with a rebound.
9:17 of 3rd period - Slapshot by Rich Clune.
9:17 of 3rd period - Deflect By Nicolas Deschamps.
9:17 of 3rd period - Shot Misses the Net.
9:17 of 3rd period - Puck is out of play.
9:18 of 3rd period - Nicolas Deschamps wins face-off versus Rylan Schwartz in Ice Caps zone.
9:35 of 3rd period - Snap shot by Matt Dumba.
9:35 of 3rd period - Shot Misses the Net.
11:37 of 3rd period - Slapshot by George Parros.
11:37 of 3rd period - Stopped by Nathan Lieuwen with a rebound.
11:39 of 3rd period - Slapshot by Brendon Nash.
11:39 of 3rd period - Stopped by Nathan Lieuwen with a rebound.
11:57 of 3rd period - Slapshot by Matt Dumba.
11:57 of 3rd period - Shot Blocked by Michael Schumacher.
12:08 of 3rd period - Off-side.
12:09 of 3rd period - Colin Smith wins face-off versus Nicolas Deschamps in neutral zone.
12:12 of 3rd period - Slapshot by Klas Dahlbeck.
12:12 of 3rd period - Goal by Klas Dahlbeck - Ice Caps : 1 - Marlies : 1.
12:13 of 3rd period - Colin Smith wins face-off versus Farm Player31 in neutral zone.
12:26 of 3rd period - Wrist shot by Klas Dahlbeck.
12:26 of 3rd period - Shot Blocked by Matt Dumba.
13:24 of 3rd period - Wrist shot by Daniil Tarasov.
13:24 of 3rd period - Stopped by Scott Clemmensen with a rebound.
13:55 of 3rd period - Sheldon Brookbank is hit by Scott Mayfield and loses puck.
14:15 of 3rd period - Minor Penalty to Farm Player24 for Holding.
14:16 of 3rd period - Colin Smith wins face-off versus Colton Gillies in Marlies zone.
15:15 of 3rd period - Slapshot by Brandon Davidson.
15:15 of 3rd period - Stopped by Scott Clemmensen with a rebound.
15:59 of 3rd period - Sheldon Brookbank is hit by Seth Helgeson and loses puck.
16:15 of 3rd period - Penalty to Farm Player24 is over, Farm Player24 is back on ice.
17:48 of 3rd period - Wrist shot by Daniil Tarasov.
17:48 of 3rd period - Shot Misses the Net.
18:28 of 3rd period - Slapshot by Matt Dumba.
18:28 of 3rd period - Shot Misses the Net.
18:50 of 3rd period - Slapshot by Seth Helgeson.
18:50 of 3rd period - Shot Blocked by Scott Harrington.
19:32 of 3rd period - Brendon Nash is hit by Troy Bourke and loses puck.
Goals for this period are 1 for Ice Caps vs 0 for Marlies.
Shots for this period are 6 for Ice Caps vs 6 for Marlies.

Overtime #1


0:01 of 1st overtime period - Colton Gillies wins face-off versus Garret Ross in neutral zone.
0:12 of 1st overtime period - Slapshot by Jonathon Blum.
0:12 of 1st overtime period - Shot Misses the Net.
0:57 of 1st overtime period - Scott Harrington is hit by Garret Ross and loses puck.
1:24 of 1st overtime period - Slapshot by Rich Clune.
1:24 of 1st overtime period - Shot Misses the Net.
1:44 of 1st overtime period - Snap shot by Rylan Schwartz.
1:44 of 1st overtime period - Stopped by Scott Clemmensen without a rebound.
1:45 of 1st overtime period - Jake Hansen wins face-off versus Rylan Schwartz in Marlies zone.
2:18 of 1st overtime period - Jake Hansen is hit by Michael Schumacher and loses puck.
3:55 of 1st overtime period - Wrist shot by Scott Harrington.
3:55 of 1st overtime period - Shot Blocked by Seth Helgeson.
Goals for this period are 0 for Ice Caps vs 0 for Marlies.
Shots for this period are 1 for Ice Caps vs 0 for Marlies.

ShootOut


5:00 of 1st overtime period - Penalty Shot by Garret Ross for Ice Caps.
5:00 of 1st overtime period - Snap shot by Garret Ross.
5:00 of 1st overtime period - Shot Misses the Net.
5:00 of 1st overtime period - Penalty Shot by Sheldon Brookbank for Marlies.
5:00 of 1st overtime period - Deke by Sheldon Brookbank.
5:00 of 1st overtime period - Stopped by Nathan Lieuwen.
5:00 of 1st overtime period - Penalty Shot by Daniil Tarasov for Ice Caps.
5:00 of 1st overtime period - Snap shot by Daniil Tarasov.
5:00 of 1st overtime period - Goal by Daniil Tarasov.
5:00 of 1st overtime period - Penalty Shot by Colton Gillies for Marlies.
5:00 of 1st overtime period - Deke by Colton Gillies.
5:00 of 1st overtime period - Stopped by Nathan Lieuwen.
5:00 of 1st overtime period - Penalty Shot by Freddie Hamilton for Ice Caps.
5:00 of 1st overtime period - Wrist shot by Freddie Hamilton.
5:00 of 1st overtime period - Stopped by Scott Clemmensen.
5:00 of 1st overtime period - Penalty Shot by Rich Clune for Marlies.
5:00 of 1st overtime period - Wrist shot by Rich Clune.
5:00 of 1st overtime period - Goal by Rich Clune.
5:00 of 1st overtime period - Penalty Shot by Colin Smith for Ice Caps.
5:00 of 1st overtime period - Deke by Colin Smith.
5:00 of 1st overtime period - Stopped by Scott Clemmensen.
5:00 of 1st overtime period - Penalty Shot by George Parros for Marlies.
5:00 of 1st overtime period - Snap shot by George Parros.
5:00 of 1st overtime period - Stopped by Nathan Lieuwen.
5:00 of 1st overtime period - Penalty Shot by Rylan Schwartz for Ice Caps.
5:00 of 1st overtime period - Deke by Rylan Schwartz.
5:00 of 1st overtime period - Goal by Rylan Schwartz.
5:00 of 1st overtime period - Penalty Shot by Joel Armia for Marlies.
5:00 of 1st overtime period - Snap shot by Joel Armia.
5:00 of 1st overtime period - Stopped by Nathan Lieuwen.


Output by the SimonT Hockey Simulator (STHS) for Eric Dolegowski -- Original Page W3C XHTML 1.0 Valid
Hockey Simulator - Hockey Simulation - Hockey Manager